 Dungeon Crawl Stone Soup version 0.24-a0-616-ge2a249a (webtiles) character file.

Game seed: 16743650445776804678, levelgen mode: deterministic

30821 ChiliFlavouring the Warrior (level 13, -1/158 HPs)
             Began as an Ogre Berserker on Aug 30, 2019.
             Was a High Priest of Trog.
             Slain by a spriggan rider
             ... wielding a +2 spear of venom
              (14 damage)
             ... on level 2 of the Swamp on Sept 14, 2019.
             The game lasted 00:52:48 (18188 turns).

ChiliFlavouring the Warrior (Ogre Berserker)       Turns: 18188, Time: 00:52:49

Health: -1/158     AC:  9    Str: 28    XL:     13   Next: 54%
Magic:  4/4        EV: 14    Int:  8    God:    Trog [*****.]
Gold:   761        SH:  0    Dex: 13    Spells: 12/12 levels left

rFire    . . .     SeeInvis .   C - +9 giant spiked club (antimagic)
rCold    . . .     Gourm    .   (shield currently unavailable)
rNeg     . . .     Faith    .   b - +2 animal skin
rPois    +         Spirit   .   (helmet restricted)
rElec    .         Reflect  .   n - +2 cloak
rCorr    .         Harm     .   (gloves unavailable)
MR       +....                  (boots unavailable)
Stlth    +.........             m - amulet of the acrobat
HPRegen  0.36/turn              g - +3 ring of evasion
MPRegen  0.09/turn              t - +5 ring of dexterity

@: lethally poisoned (-1 -> -3), berserk cooldown, slowed, very slow
A: large, unfitting armour, mutation resistance 1, poison resistance, tough skin
1
a: Berserk, Trog's Hand, Brothers in Arms, Renounce Religion


You were on level 2 of the Swamp.
You worshipped Trog.
Trog was extremely pleased with you.
You were not hungry.

You visited 3 branches of the dungeon, and saw 16 of its levels.

You collected 761 gold pieces.

Inventory:

Hand Weapons
 k - a +4 whip of electrocution
 r - a +0 giant club
 v - a +3 antimagic great mace
 C - a +9 antimagic giant spiked club (weapon)
Armour
 b - a +2 animal skin (worn)
 n - a +2 cloak (worn)
 q - a scarf of cloud immunity
Jewellery
 g - a +3 ring of evasion (left hand)
 m - an amulet of the acrobat (around neck)
 s - an uncursed ring of magical power
 t - a +5 ring of dexterity (right hand)
 u - an uncursed ring of resist corrosion
 y - a +2 ring of protection
 A - a cursed -2 ring of protection
 F - a +2 ring of slaying {unknown}
 G - an uncursed ring of poison resistance
 H - an uncursed amulet of harm {unknown}
 I - an uncursed ring of magical power
 J - an uncursed ring of ice
Wands
 j - a wand of polymorph (6)
 o - a wand of flame (22)
 B - a wand of paralysis (3)
 D - a wand of iceblast (26)
 E - a wand of disintegration (2)
 K - a wand of acid (7)
Scrolls
 a - a scroll of identify
 d - 4 scrolls of remove curse
 l - 3 scrolls of fog
 w - 8 scrolls of teleportation
Potions
 e - 3 potions of brilliance
 i - 2 potions of magic
 p - 3 potions of haste
 x - 4 potions of agility
 z - 3 potions of ambrosia
 L - a potion of resistance
 M - a potion of lignification {unknown}
Comestibles
 c - 20 rations


   Skills:
 * Level 17.8 Fighting
 * Level 13.3 Maces & Flails
 + Level 8.3 Armour
 - Level 3.0 Dodging


You had 12 spell levels left.
You didn't know any spells.
Your spell library contained the following spells:

 Spells                   Type           Power        Failure   Level  Hunger
 Corona                   Hex            #......      41%         1    ##.....
 Ensorcelled Hibernation  Hex/Ice        #.....       54%         2    ###....
 Confuse                  Hex            #.......     78%         3    ####...
 Dazzling Spray           Conj/Hex       #.....       78%         3    ####...
 Tukima's Dance           Hex            #.......     78%         3    ####...


Dungeon Overview and Level Annotations

Branches:
Dungeon (11/15)            Temple (0/1) D:7            Lair (3/6) D:11
  Swamp (1/4) Lair:3        Snake (0/4) Lair:3          Orc (0/2) D:10

Altars:
Cheibriados
Dithmenos
Kikubaaqudgha
Wu Jian
Yredelemnul
Zin

Portals:
Trove: D:10 (give +2 gold dragon scales)

Annotations:
D:4 1 runed translucent door
Lair:3 2 transporters, Zyngeem's ghost, journeyman VSWn


Innate Abilities, Weirdness & Mutations

You are too large for most types of armour.
You have tough skin. (AC +1)
You are somewhat resistant to further mutation.
Your system is resistant to poisons. (rPois)


Message History

The spriggan rider hits you but does no damage.
The spriggan rider barely misses you.
You feel better. The spriggan rider misses you.
You closely miss the spriggan rider.
The spriggan rider hits you but does no damage.
The spriggan rider hits you with a +2 spear of venom.
* * * LOW HITPOINT WARNING * * *
You puncture the spriggan rider!
The spriggan rider is lightly wounded.
The spriggan rider hits you with a +2 spear of venom.
* * * LOW HITPOINT WARNING * * *
You are poisoned.
The spriggan rider misses you.
You completely miss the spriggan rider.
The spriggan rider is lightly wounded.
You feel sick.
The spriggan rider hits you with a +2 spear of venom.
* * * LOW HITPOINT WARNING * * *
The spriggan rider hits you with a +2 spear of venom!
You die...

♣.≈♣ ≈≈≈ ♣ ≈♣
♣≈.♣♣≈♣ §(≈.♣
.≈.≈... ≈♣ ≈..
.≈..≈.♣
≈≈♣♣♣♣§♣
♣♣.≈♣≈..♣
≈≈≈♣≈♣≈♣♣
♣i.......
≈≈≈≈.≈.♣♣♣♣@.♣
♣≈≈≈≈♣♣.))♣♣
♣♣.≈≈≈.(≈≈♣♣
♣♣..≈≈.♣≈.♣♣
♣♣♣♣≈≈.≈≈.♣♣♣♣
♣...≈≈.≈♣...♣
♣.≈≈≈≈.≈≈.♣≈♣
♣♣≈≈≈≈.≈≈≈..♣
♣.≈♣≈..≈♣♣.♣


You could see a spriggan rider.

Vanquished Creatures
  Erolcha (D:9)
  Harold (Lair:2)
  Erica (D:8)
  2 hydras (Lair:3)
  An alligator (Swamp:1)
  A two-headed ogre (D:9)
  2 spriggans
  A cyclops (D:11)
  3 black mambas (Lair:3)
  A torpor snail (Lair:3)
  6 spiny frogs
  A rime drake (Lair:2)
  3 komodo dragons (Lair:3)
  A queen bee (D:11)
  3 hornets
  2 tyrant leeches
  4 blink frogs
  A bog body (Swamp:1)
  3 dream sheep (Lair:3)
  4 hippogriffs
  A wyvern (D:10)
  Eustachio (D:4)
  46 yaks
  2 hungry ghosts
  A swamp worm (Lair:3)
  Edmund (D:6)
  2 vampire mosquitoes (Swamp:1)
  A two-headed ogre zombie (D:10)
  11 porcupines
  14 water moccasins
  A sky beast (D:8)
  An orc warrior (D:8)
  An ice beast (D:5)
  2 black bears
  3 ogres
  7 centaurs
  3 phantoms (D:10)
  10 wolves (Lair:2)
  4 crocodiles
  3 big kobolds
  11 bullfrogs
  A gnoll sergeant (D:10)
  A jelly (D:9)
  A water moccasin skeleton (D:4)
  2 scorpions
  15 killer bees
  2 troll zombies (D:10)
  4 howler monkeys
  An electric eel (Lair:3)
  A bullfrog zombie (D:10)
  2 crimson imps
  5 orc priests
  2 bullfrog skeletons
  A human zombie (D:4)
  A gnoll shaman (D:5)
  A centaur skeleton (D:8)
  5 hounds
  8 orc wizards
  7 iguanas
  6 worker ants
  5 ogre zombies (D:10)
  2 hound zombies
  A worker ant zombie (D:5)
  Robin (D:3)
  14 gnolls
  14 adders
  A howler monkey skeleton (D:4)
  4 oozes
  An adder skeleton (D:7)
  3 worms
  4 dart slugs
  5 leopard geckos
  24 orcs
  9 bats
  A bat zombie (D:4)
  4 giant cockroaches
  12 goblins
  8 hobgoblins
  20 jackals
  16 kobolds
  4 quokkas
  2 ball pythons
  A ball python skeleton (D:6)
  4 frilled lizards
  3 goblin skeletons (D:10)
  A goblin zombie (D:10)
  4 hobgoblin zombies (D:10)
  2 jackal skeletons (D:4)
  A jackal zombie (D:4)
  A leopard gecko skeleton (D:4)
  3 orc skeletons (D:10)
  14 orc zombies (D:10)
  4 rats
  2 fungi
429 creatures vanquished.

Vanquished Creatures (collateral kills)
  A hydra (Lair:1)
  A troll (D:11)
  A yak (D:11)
  A vampire (D:11)
  A porcupine (D:11)
  3 crocodiles (D:11)
  A howler monkey (D:11)
  A jelly (D:11)
  An iguana (D:11)
11 creatures vanquished.

Vanquished Creatures (others)
  A crimson imp (D:8)
  4 fungi
  6 plants
11 creatures vanquished.

Grand Total: 451 creatures vanquished

Notes
Turn   | Place    | Note
-------+----------+-------------------------------------------
     0 | D:1      | ChiliFlavouring the Ogre Berserker began the quest for the
                  | Orb.
     0 | D:1      | Reached XP level 1. HP: 24/24 MP: 1/1
    54 | D:1      | Reached XP level 2. HP: 26/32 MP: 2/2
   446 | D:1      | Reached XP level 3. HP: 40/40 MP: 3/3
  1114 | D:2      | Reached ** piety under Trog
  1235 | D:2      | Reached skill level 5 in Fighting
  1238 | D:2      | Reached XP level 4. HP: 41/50 MP: 4/4
  1931 | D:3      | Reached XP level 5. HP: 58/59 MP: 5/5
  1935 | D:3      | Reached skill level 6 in Fighting
  2102 | D:3      | Noticed Robin
  2125 | D:3      | Killed Robin
  2216 | D:3      | Reached *** piety under Trog
  2328 | D:3      | Reached XP level 6. HP: 67/68 MP: 6/6
  2382 | D:3      | Found a glowing silver altar of Zin.
  3045 | D:4      | Found an ancient bone altar of Kikubaaqudgha.
  3154 | D:4      | Reached skill level 7 in Fighting
  3295 | D:4      | Reached skill level 5 in Maces & Flails
  3388 | D:4      | Found an ornate altar of the Wu Jian Council.
  3389 | D:4      | Noticed Eustachio
  3421 | D:4      | Killed Eustachio
  3421 | D:4      | Reached skill level 1 in Armour
  3421 | D:4      | Reached XP level 7. HP: 79/79 MP: 7/7
  3499 | D:4      | Found a runed translucent door.
  3499 | D:4      | Noticed a human
  3506 | D:4      | Found a basalt altar of Yredelemnul.
  3629 | D:5      | Entered Level 5 of the Dungeon
  3721 | D:5      | Reached skill level 8 in Fighting
  3863 | D:5      | Found a shadowy altar of Dithmenos.
  4056 | D:5      | Reached **** piety under Trog
  4226 | D:5      | Reached XP level 8. HP: 88/89 MP: 8/8
  4910 | D:6      | Noticed Edmund
  4916 | D:6      | Killed Edmund
  5031 | D:6      | Reached skill level 9 in Fighting
  5180 | D:6      | Found a snail-covered altar of Cheibriados.
  5872 | D:7      | Reached skill level 10 in Fighting
  6093 | D:7      | Found a staircase to the Ecumenical Temple.
  6167 | D:7      | Identified the +6 hand axe of Qofyruo {protect, -Tele rElec
                  | MR++}
  6418 | D:7      | Gained mutation: You are somewhat resistant to further
                  | mutation. [potion of mutation]
  6418 | D:7      | Gained mutation: Your system is resistant to poisons.
                  | (rPois) [potion of mutation]
  6664 | D:8      | Noticed a hippogriff
  6668 | D:8      | Killed a hippogriff
  6668 | D:8      | Reached XP level 9. HP: 73/102 MP: 9/9
  7198 | D:8      | Reached skill level 11 in Fighting
  7259 | D:8      | Reached ***** piety under Trog
  7380 | D:8      | Noticed Erica
  7393 | D:8      | Killed Erica
  7421 | D:8      | Reached XP level 10. HP: 106/115 MP: 10/10
  7540 | D:8      | Reached skill level 12 in Fighting
  8543 | D:9      | Reached skill level 5 in Armour
  8550 | D:9      | Reached skill level 13 in Fighting
  8562 | D:9      | Received a gift from Trog
  8782 | D:9      | Noticed a two-headed ogre
  8793 | D:9      | Killed a two-headed ogre
  8875 | D:9      | Reached skill level 10 in Maces & Flails
  8983 | D:9      | Noticed Erolcha
  8999 | D:9      | Killed Erolcha
  8999 | D:9      | Reached XP level 11. HP: 118/128 MP: 11/11
  9014 | D:9      | Reached skill level 14 in Fighting
  9359 | D:10     | Entered Level 10 of the Dungeon
  9695 | D:10     | Found a staircase to the Orcish Mines.
 10020 | D:10     | Found a portal to a secret trove of treasure.
 10362 | D:11     | Noticed a cyclops
 10370 | D:11     | Killed a cyclops
 11073 | D:11     | Reached skill level 15 in Fighting
 11391 | D:11     | Found a staircase to the Lair.
 11515 | D:11     | Reached XP level 12. HP: 143/143 MP: 12/12
 11727 | Lair:1   | Entered Level 1 of the Lair of Beasts
 12241 | Lair:1   | Received a gift from Trog
 12639 | Lair:1   | Noticed a five-headed hydra
 12646 | Lair:1   | HP: 5/144 [five-headed hydra (4)]
 12661 | Lair:1   | Killed a five-headed hydra
 13565 | Lair:2   | Noticed Harold
 13584 | Lair:2   | Reached skill level 16 in Fighting
 13591 | Lair:2   | Killed Harold
 15515 | Lair:2   | Upgraded the game from 0.24-a0-584-g9d6b971 to
                  | 0.24-a0-616-ge2a249a
 15794 | Lair:3   | Found a transporter.
 15875 | Lair:3   | Found a transporter.
 15888 | Lair:3   | Reached XP level 13. HP: 99/154 MP: 4/13
 15889 | Lair:3   | Reached skill level 17 in Fighting
 16386 | Lair:3   | Found a staircase to the Snake Pit.
 16708 | Lair:3   | Noticed Zyngeem's ghost (journeyman VSWn)
 17405 | Lair:3   | Found a staircase to the Swamp.
 17548 | Swamp:1  | Entered Level 1 of the Swamp
 18151 | Swamp:1  | You fall into a shaft and drop 1 floor!
 18173 | Swamp:2  | Received a gift from Trog
 18188 | Swamp:2  | Slain by a spriggan rider

Levels and vault maps discovered:
D:1:      saegor_arrival_simple_a, layout_basic, minmay_door_square
D:2:      layout_basic
D:3:      layout_loops_ring, zin_treasury, first_ration, uniq_robin
D:4:      layout_gridville, lemuel_crystal_altar,
          lemuel_zombie_altar_kikubaaqudgha, dk_yredelemnul_ordeal,
          uniq_eustachio
D:5:      layout_basic, old_standard_altar
D:6:      layout_loops_ring, cheibriados_altar_1, st_stairs_5, uniq_edmund
D:7:      layout_cave_pods, minmay_temple_entry_grid
D:8:      layout_basic, uniq_erica
D:9:      layout_roguey, serial_corexii_hall, corexii_hall_statues_i,
          corexii_hall_statues_x, uniq_erolcha
D:10:     layout_big_octagon, zombieorc2_lemuel, enter_trove_1
D:11:     layout_roguey, minmay_lair_entry_grove, david_nohive_1
Lair:1:   layout_cave_pods
Lair:2:   layout_roguey, minmay_holes, infiniplex_staircase_pool_2,
          grunt_megastairs_2, lemuel_fruit_fields, uniq_harold
Lair:3:   layout_gridlike, palyth_hydra_swamp_entry,
          minmay_snake_entry_six_corridors, gammafunk_ghost_arena,
          chequers_serial_rivers_marsh, beast_lair_carwin_5, lemuel_fruit_tree
Swamp:1:  layout_basic_swamp, ebering_ghost_disaster_area, basic_altar
Swamp:2:  layout_falls_marsh, nicolae_swamp_treefoil, swamp_pool4,
          hangedman_swamp_dais

Skill      XL: |  1  2  3  4  5  6  7  8  9 10 11 12 13 |
---------------+----------------------------------------+-----
Maces & Flails | 3 4 5 7 8 10 11 12 13 | 13.3
Dodging        | 3 |  3.0
Fighting       | 5 6 7 8 10 11 13 15 16 17 | 17.8
Armour         | 1 2 3 4 5 6 7 8 |  8.3

Action                   |  1- 3 |  4- 6 |  7- 9 | 10-12 | 13-15 || total
-------------------------+-------+-------+-------+-------+-------++-------
Melee: Mace              |    74 |       |       |       |       ||    74
       Whip              |    48 |   144 |   301 |   555 |       ||  1048
       Giant spiked club |       |       |       |   129 |   119 ||   248
Invok: Berserk           |       |     3 |     7 |    11 |     3 ||    24
       Trog's Hand       |       |       |       |     4 |       ||     4
       Brothers in Arms  |       |       |       |     2 |       ||     2
  Use: Scroll            |     2 |       |    12 |    17 |     1 ||    32
       Potion            |       |       |    12 |     6 |     1 ||    19
  Eat: Chunk             |     1 |     9 |    16 |    30 |     7 ||    63
       Ration            |       |       |     1 |     3 |     1 ||     5
Armor: Animal skin       |    63 |    27 |    71 |   137 |    25 ||   323
Dodge: Dodged            |    75 |    53 |   111 |   469 |   111 ||   819

Table legend:
 A = Non-vault XP
 B = Vault XP
 C = Vault XP percentage of total XP
 D = Non-vault monster count
 E = Vault monster count
 F = Vault count percentage of total count
                 A         B        C        D         E       F
            +---------+---------+-------+---------+---------+-------
      Total |   30035 |   13995 |  31.8 |     326 |     113 |  25.7
            +---------+---------+-------+---------+---------+-------
        D:1 |      61 |       0 |   0.0 |      30 |       0 |   0.0
        D:2 |      46 |       0 |   0.0 |      16 |       0 |   0.0
        D:3 |     188 |      32 |  14.5 |      21 |       9 |  30.0
        D:4 |     262 |     247 |  48.5 |      16 |       4 |  20.0
        D:5 |     420 |       0 |   0.0 |      18 |       0 |   0.0
        D:6 |     394 |     206 |  34.3 |      12 |       2 |  14.3
        D:7 |     487 |       0 |   0.0 |      23 |       0 |   0.0
        D:8 |    1681 |     960 |  36.3 |      39 |       1 |   2.5
        D:9 |    5289 |    1033 |  16.3 |      31 |       1 |   3.1
       D:10 |    1235 |     952 |  43.5 |      21 |      39 |  65.0
       D:11 |    3919 |    2310 |  37.1 |      27 |      25 |  48.1
     Lair:1 |    4466 |       0 |   0.0 |      20 |       0 |   0.0
     Lair:2 |    3506 |    1521 |  30.3 |      24 |       3 |  11.1
     Lair:3 |    3413 |    6734 |  66.4 |      16 |      29 |  64.4
    Swamp:1 |    3858 |       0 |   0.0 |       9 |       0 |   0.0
    Swamp:2 |     810 |       0 |   0.0 |       3 |       0 |   0.0
            +---------+---------+-------+---------+---------+-------
